 Dungeon Crawl Stone Soup version 0.22.1-5-g62c59d919a (webtiles) character file.

3581 Ivernyr the Destroyer (level 10, -1/75 HPs)
             Began as a Naga Wizard on Jan 14, 2019.
             Was an Initiate of Cheibriados.
             Slain by a dream sheep (6 damage)
             ... on level 8 of the Dungeon on Jan 15, 2019.
             The game lasted 01:54:47 (9877 turns).

Ivernyr the Destroyer (Naga Wizard)                 Turns: 9877, Time: 01:54:48

Health: -1/75      AC:  5    Str: 11    XL:     10   Next: 10%
Magic:  21/21      EV: 11    Int: 23    God:    Cheibriados [......]
Gold:   430        SH:  0    Dex: 10    Spells: 14/23 levels left

rFire    . . .     SeeInvis +   b - +4 trident "Beetlebane" {vamp, rElec}
rCold    . . .     Gourm    .   (no shield)
rNeg     . . .     Faith    .   a - +0 robe
rPois    +         Spirit   .   m - +0 helmet
rElec    +         Reflect  .   (no cloak)
rCorr    .         Harm     .   (no gloves)
MR       +....                  (no barding)
Stlth    +++.......             (no amulet)
HPRegen  0.22/turn              f - ring of stealth
MPRegen  0.17/turn              (no ring)

@: very slow
A: large, see invisible, deformed body, poison resistance, slowness 2, slow
metabolism 1, spit poison 1, AC +3
a: Spit Poison, Bend Time, Renounce Religion


You were on level 8 of the Dungeon.
You worshipped Cheibriados.
Cheibriados was noncommittal.
You were near starving.

You visited 2 branches of the dungeon, and saw 9 of its levels.

You collected 430 gold pieces.

Inventory:

Hand Weapons
 b - the +4 trident "Beetlebane" (weapon) {vamp, rElec}
   (You found it on level 5 of the Dungeon)

   It inflicts no extra harm, but heals its wielder when it wounds a living foe.
   It insulates you from electricity.
Armour
 a - a +0 robe (worn)
 m - a +0 helmet (worn)
Magical Staves
 t - an uncursed staff of wizardry {unknown}
Jewellery
 f - a ring of stealth (left hand)
Wands
 q - a wand of flame (10)
Scrolls
 c - 2 scrolls of immolation {unknown}
 e - 3 scrolls of teleportation {unknown}
 h - 10 scrolls of identify {unknown}
 k - 7 scrolls of remove curse {unknown}
 n - 3 scrolls of fear {unknown}
 o - a scroll of noise {unknown}
Potions
 g - 2 potions of heal wounds {unknown}
 i - a potion of degeneration {unknown}
 j - 3 potions of curing {unknown}
 l - 4 potions of agility
 p - a potion of ambrosia {unknown}
 r - a potion of berserk rage {unknown}
Comestibles
 d - 11 rations


   Skills:
 + Level 3.1 Armour
 - Level 5.0 Dodging
 - Level 3.0 Stealth
 + Level 7.4 Spellcasting
 * Level 9.8 Conjurations
   Level 1.0 Summonings
 - Level 1.0 Translocations
 + Level 1.0 Invocations


You had 14 spell levels left.
You knew the following spells:

 Your Spells              Type           Power        Failure   Level  Hunger
a - Magic Dart            Conj           ####         1%          1    None
b - Blink                 Tloc           N/A          8%          2    None
c - Conjure Flame         Conj/Fire      ####....     3%          3    None
d - Mephitic Cloud        Conj/Pois/Air  ###.....     6%          3    None

Your spell library contained the following spells:

 Spells                   Type           Power        Failure   Level  Hunger
 Summon Small Mammal      Summ           ##..         4%          1    None
 Call Imp                 Summ           ##......     8%          2    None
 Slow                     Hex            #.......     11%         2    None
 Call Canine Familiar     Summ           ##......     14%         3    None
 Summon Guardian Golem    Hex/Summ       ##......     19%         3    None
 Summon Ice Beast         Ice/Summ       ##......     52%         4    ###....
 Summon Lightning Spire   Summ/Air       ##......     52%         4    ###....


Dungeon Overview and Level Annotations

Branches:
Dungeon (8/15)             Temple (1/1) D:7
   Lair: D:8-11

Altars:
Ashenzari
Cheibriados
Dithmenos
Elyvilon
Fedhas
Gozag
Hepliaklqana
Kikubaaqudgha
Makhleb
Nemelex Xobeh
Okawaru
Qazlal
Ru
Trog
Uskayaw
Vehumet
Wu Jian
Xom
Yredelemnul
Zin
The Shining One

Annotations:
D:6 1 runed door


Innate Abilities, Weirdness & Mutations

You cannot wear boots.
Your serpentine skin is tough. (AC +3)
You have supernaturally acute eyesight. (SInv)
Armour fits poorly on your strangely shaped body.
Your system is resistant to poisons. (rPois)
You cover ground very slowly.
You have a slow metabolism.
You can spit poison.


Message History

Found 2 rations.
You see here a ration.
The dream sheep shake their wool and sparkle.
You feel drowsy...
You fall asleep.
The yak gores you.
You wake up.
The dream sheep bites you!
The dream sheep bites the plant but does no damage.
The yak gores you!
The big kobold hits the plant but does no damage.
The yak completely misses you.
The dream sheep bites the plant.
The dream sheep bites you but does no damage.
The yak gores you!
The dream sheep shake their wool and sparkle.
You feel drowsy...
You fall asleep.
The yak closely misses you. The yak gores you!!
You wake up.
* * * LOW HITPOINT WARNING * * *
The yak gores you!
* * * LOW HITPOINT WARNING * * *
The big kobold hits you but does no damage.
The dream sheep bites you.
You die...

#.# #.#.#....# #.#
#.###.#.#....# #.#
#.......#....# #.#
........#..<.####.######
.#.....................#
.#....###....####.####.#
.#................#
.#...##########..##
.....+ ####@##### ##...#
#.≈YYK≈PP# #####
#..YY..≈P# #.....P≈≈#
#%(P..≈≈P# #.%.%.P≈.#
##'''###+# #.....#
#%%...+


You could see 2 yaks, a big kobold and 2 dream sheep.

Vanquished Creatures
  Grinder (D:6)
  5 yaks (D:6)
  Edmund (D:6)
  An orc warrior (D:5)
  A hornet zombie (D:6)
  An ice beast (D:6)
  2 ogres
  2 sky beasts
  2 centaurs (D:7)
  A big kobold (D:8)
  3 bullfrogs
  3 scorpions
  A howler monkey (D:7)
  2 crimson imps
  A bullfrog zombie (D:5)
  A gnoll shaman (D:7)
  2 hounds
  8 orc priests
  A jelly (D:6)
  An iguana (D:7)
  11 orc wizards
  Jessica (D:3)
  5 worker ants
  A hound skeleton (D:7)
  Robin (D:4)
  A howler monkey skeleton (D:4)
  22 gnolls
  4 adders (D:2)
  A shadow imp (D:5)
  3 oozes
  An adder skeleton (D:8)
  A worm (D:2)
  3 dart slugs
  7 leopard geckos
  28 orcs
  2 ball pythons (D:3)
  6 giant cockroaches
  18 goblins
  14 hobgoblins
  2 jackals (D:6)
  A quokka (D:2)
  6 bats
  4 frilled lizards
  A giant cockroach zombie (D:5)
  A jackal zombie (D:7)
  2 kobolds
  A leopard gecko zombie (D:5)
  3 quokka zombies (D:7)
  7 rats
198 creatures vanquished.

Notes
Turn   | Place    | Note
-------+----------+-------------------------------------------
     0 | D:1      | Ivernyr the Naga Wizard began the quest for the Orb.
     0 | D:1      | Reached XP level 1. HP: 15/15 MP: 4/4
   189 | D:1      | Found a shattered altar of Ashenzari.
   221 | D:1      | Reached XP level 2. HP: 22/22 MP: 6/6
   225 | D:1      | Learned a level 2 spell: Blink
   540 | D:1      | Reached XP level 3. HP: 27/28 MP: 1/8
   545 | D:1      | Learned a level 3 spell: Conjure Flame
   549 | D:1      | Learned a level 3 spell: Mephitic Cloud
  1832 | D:2      | Reached XP level 4. HP: 36/36 MP: 9/9
  1958 | D:2      | Reached skill level 2 in Conjurations
  2425 | D:3      | Reached XP level 5. HP: 42/42 MP: 4/11
  2773 | D:3      | Noticed Jessica
  2777 | D:3      | Killed Jessica
  2777 | D:3      | Reached skill level 3 in Conjurations
  3307 | D:4      | Noticed Robin
  3333 | D:4      | Reached XP level 6. HP: 40/49 MP: 9/12
  3336 | D:4      | Killed Robin
  4114 | D:4      | Reached skill level 4 in Conjurations
  4262 | D:4      | Found a shadowy altar of Dithmenos.
  4408 | D:4      | Reached XP level 7. HP: 49/55 MP: 8/14
  4746 | D:5      | Entered Level 5 of the Dungeon
  4771 | D:5      | Reached skill level 5 in Spellcasting
  4771 | D:5      | Reached skill level 5 in Conjurations
  5051 | D:5      | Got an ichor-stained trident
  5054 | D:5      | Identified the +4 trident "Beetlebane" {vamp, rElec} (You
                  | found it on level 5 of the Dungeon)
  5125 | D:5      | Reached XP level 8. HP: 49/62 MP: 15/15
  5250 | D:5      | Reached skill level 6 in Conjurations
  7053 | D:6      | Noticed Edmund
  7072 | D:6      | Killed Edmund
  7072 | D:6      | Reached skill level 7 in Conjurations
  7191 | D:6      | Noticed a yak
  7194 | D:6      | Noticed a yak
  7194 | D:6      | Noticed a yak
  7195 | D:6      | Noticed a yak
  7198 | D:6      | Killed a yak
  7201 | D:6      | Killed a yak
  7201 | D:6      | Reached XP level 9. HP: 68/68 MP: 9/18
  7206 | D:6      | Reached skill level 5 in Dodging
  7212 | D:6      | Reached skill level 8 in Conjurations
  7216 | D:6      | Reached skill level 1 in Armour
  7476 | D:6      | Found a runed door.
  7477 | D:6      | Found a glowing golden altar of the Shining One.
  7477 | D:6      | Noticed an angel
  7713 | D:6      | Noticed Grinder
  7753 | D:6      | Killed Grinder
  8176 | D:7      | Reached skill level 9 in Conjurations
  8788 | D:7      | Reached XP level 10. HP: 46/75 MP: 11/20
  9010 | D:7      | Found a staircase to the Ecumenical Temple.
  9100 | Temple   | Entered the Ecumenical Temple
  9151 | Temple   | Became a worshipper of Cheibriados the Contemplative
  9854 | D:8      | Reached skill level 1 in Invocations
  9877 | D:8      | Slain by a dream sheep

Skill      XL: |  1  2  3  4  5  6  7  8  9 10 |
---------------+-------------------------------+-----
Dodging        | 2 3 4 5 |  5.0
Conjurations   | 2 3 4 5 7 9 |  9.8
Spellcasting   | 4 5 6 7 |  7.4
Armour         | 2 3 |  3.1
Invocations    | 1 |  1.0
Stealth        | |  3.0
Summonings     | |  1.0
Translocations | |  1.0

Action                   |  1- 3 |  4- 6 |  7- 9 | 10-12 || total
-------------------------+-------+-------+-------+-------++-------
Melee: Whip              |     3 |     2 |       |       ||     5
       Unarmed           |     2 |       |       |       ||     2
       Spear             |       |    36 |    18 |       ||    54
       Trident           |       |       |   151 |    18 ||   169
 Cast: Magic Dart        |    54 |   114 |   189 |    40 ||   397
       Mephitic Cloud    |       |     8 |    19 |     1 ||    28
       Conjure Flame     |       |       |     9 |     1 ||    10
       Blink             |       |       |     3 |       ||     3
 Abil: Spit Poison       |    28 |    54 |    37 |     1 ||   120
 Stab: Confused          |       |       |     4 |     1 ||     5
  Eat: Chunk             |     3 |    10 |    12 |     1 ||    26
       Ration            |       |       |     2 |       ||     2
Armor: Robe              |     2 |    10 |    38 |     3 ||    53
Dodge: Dodged            |     7 |    36 |    85 |    12 ||   140
